Map: Automaton LE

Players

DionJnD

  • Race: Zerg Zerg
  • League: Master
  • Spawn Location: 3:00

MamaLaMacro - Winner!

  • Race: Protoss Protoss
  • League: Master
  • Spawn Location: 9:00

VOD

https://www.youtube.com/watch?v=rYCbGBjNtAc&feature=youtu.be

Description

Time

  • Played on: March 23, 2019, 10:23 p.m.
  • Length: 5:24
Show
View Real Time Build Order
Export as new Build Order

DionJnD Zerg 

Build Orders: Hatch First 

Get SALT Encoding   

  12  0:01  Drone  
  13  0:07  Drone  
  14  0:17  Overlord  
  14  0:42  Hatchery  
  13  0:45  Drone  
  13  0:48  Drone  
  15  0:52  Drone  
  16  1:09  Spawning Pool  
  15  1:12  Drone  
  15  1:15  Drone  
  15  1:17  Extractor  
  16  1:21  Drone  
  17  1:28  Drone  
  18  1:39  Drone  
  19  1:50  Drone  
  20  1:54  Drone  
  20  1:55  Queen x2  
  25  2:02  Drone  
  25  2:04  Drone  
  27  2:12  Drone  
  28  2:16  Overlord  
  28  2:31  Hatchery  
  28  2:35  Zergling x2  
  28  2:47  Lair  
  28  3:03  Zergling x6  
  30  3:19  Metabolic Boost  
  23  3:33  Queen  
  24  3:37  Overlord x4  
  24  3:46  Zergling x2  
  24  3:47  Zergling x8  
  25  4:08  Zergling x4  
  25  4:13  Nydus Network  
  25  4:14  Drone  
  25  4:28  Zergling x8  
  26  4:37  Zergling x2  
  27  4:41  Overseer  
  23  4:53  Zergling x6  
Show
View Real Time Build Order
Export as new Build Order

MamaLaMacro Protoss - Winner!

Build Orders: Mass Adepts, Dark Templar Rush 

Get SALT Encoding   

  12  0:01  Probe  
  13  0:13  Probe  
  14  0:18  Pylon  
  14  0:25  Probe  
  15  0:35  Probe  
  15  0:39  Gateway  
  16  0:43  Probe  
  17  0:51  Probe, Assimilator  
  17  0:57  Assimilator  
  18  1:03  Probe  
  19  1:10  Gateway  
  19  1:15  Probe  
  20  1:26  Cybernetics Core  
  20  1:28  Probe  
  21  1:34  Pylon  
  21  1:41  Probe  
  22  1:52  Warp Gate  
  22  1:53  Probe  
  23  2:03  Adept x2  
  23  2:05  Probe  
  28  2:13  Twilight Council  
  28  2:22  Pylon  
  28  2:31  Resonating Glaives  
  28  2:35  Adept  
  28  2:36  Pylon  
  30  2:40  Adept  
  32  2:56  Gateway  
  32  3:06  Dark Shrine  
  32  3:11  Adept  
  34  3:21  Adept  
  36  3:35  Gateway  
  36  3:39  Gateway  
  36  3:45  Pylon  
  36  4:08  Adept x3  
  40  4:23  Pylon  
  40  4:32  Dark Templar x2  
  40  4:34  Adept  
  46  4:40  Adept  
  48  5:00  Adept x2  
  48  5:06  Adept  
Tags
 
Add a new tag
Caveats
  • Supply blocks, unpowered buildings, or Contaminate may cause inaccurate times.
  • Supply counts are checked every 10 seconds.